 Dungeon Crawl Stone Soup version 0.17-a0-227-gf5308cc (webtiles) character file.

10612 BluebellGnoll the Thaumaturge (level 11, -7/61 HPs)
             Began as an Octopode Fire Elementalist on Mar 29, 2015.
             Was an Elder of Vehumet.
             Mangled by an unseen horror (9 damage)
             ... on level 11 of the Dungeon.
             The game lasted 01:45:02 (16730 turns).

BluebellGnoll the Thaumaturge (OpFE)               Turns: 16730, Time: 01:45:02

Health: -7/61      AC:  1    Str:  9    XL:     11   Next: 64%
Magic:  30/30      EV: 15    Int: 22    God:    Vehumet [****..]
Gold:   702        SH:  0    Dex: 12    Spells: 9 memorised, 3 levels left

rFire  + . .     SeeInvis .     u - +3 rapier (freeze)
rCold  x . .     Clarity  .     (no shield)
rNeg   . . .     SustAb   .     (helmet restricted)
rPois  .         Gourm    +     i - amulet of the gourmand
rElec  .         Spirit   .     r - +2 ring of intelligence (curse)
rCorr  .         Warding  .     (no ring)
rMut   .         Stasis   .     B - ring of fire
MR     .....                    (no ring)
Stlth  ++++......               (no ring)
                                (no ring)
                                (no ring)
                                (no ring)

@: very slightly contaminated, repel missiles, not resistant to hostile
enchantments, stealthy
A: almost no armour, amphibious, 8 rings, constrict 8, camouflage 1, gelatinous
body 1
a: Renounce Religion


You were on level 11 of the Dungeon.
You worshipped Vehumet.
Vehumet was greatly pleased with you.
You were not hungry.

You visited 2 branches of the dungeon, and saw 13 of its levels.

You collected 806 gold pieces.
You spent 104 gold pieces at shops.

Inventory:

Hand weapons
 p - a +0 blowgun
 u - a +3 rapier of freezing (weapon)
 v - a +2 quarterstaff of chaos
 K - a +1 short sword of holy wrath
Missiles
 e - 300 stones (quivered)
 q - 38 poisoned needles
 w - 24 tomahawks
 S - 2 throwing nets
Magical staves
 P - an uncursed staff of air {unknown}
Jewellery
 i - an amulet of the gourmand (around mantle)
 r - a cursed +2 ring of intelligence (left tentacle)
 x - an uncursed ring of teleportation
 B - a ring of fire (on tentacle)
 G - a cursed amulet of rage
Magical devices
 g - a wand of random effects (21)
 m - a wand of fireball (12)
 y - a wand of frost (19)
 F - a wand of digging (18)
 I - a wand of teleportation (4)
 R - a wand of slowing (11)
 Y - a wand of digging (8)
 Z - a wand of polymorph (7)
Scrolls
 f - a scroll of blinking
 N - a scroll of immolation
 X - a scroll of remove curse
Potions
 a - a potion of resistance {unknown}
 d - 5 potions of agility
 h - a potion of restore abilities {unknown}
 j - 3 potions of heal wounds
 k - a potion of invisibility {unknown}
 l - 2 potions of lignification
 n - 3 potions of magic
 s - 6 potions of curing
 A - a potion of poison {unknown}
 C - a potion of beneficial mutation {unknown}
 D - a potion of degeneration {unknown}
 L - 2 potions of cancellation {unknown}
 M - a potion of ambrosia {unknown}
 U - a potion of brilliance {unknown}
 W - a potion of flight {unknown}
Books
 t - a book of Ice

   Spells                             Type                      Level
   a - Ice Form                       Ice/Transmutation            4
   b - Metabolic Englaciation         Hexes/Ice                    5
   c - Ozocubu's Refrigeration        Ice                          6
   d - Bolt of Cold                   Conjuration/Ice              6
   e - Freezing Cloud                 Conjuration/Ice/Air          6
   f - Simulacrum                     Ice/Necromancy               6
 H - a book of Minor Magic

   Spells                             Type                      Level
   a - Magic Dart                     Conjuration                  1
   b - Blink                          Translocation                2
   c - Call Imp                       Summoning                    2
   d - Repel Missiles                 Charms/Air                   2
   e - Slow                           Hexes                        2
   f - Conjure Flame                  Conjuration/Fire             3
   g - Mephitic Cloud                 Conjuration/Poison/Air       3
 O - a book of Air

   Spells                             Type                      Level
   a - Shock                          Conjuration/Air              1
   b - Swiftness                      Charms/Air                   2
   c - Repel Missiles                 Charms/Air                   2
   d - Flight                         Charms/Air                   3
   e - Static Discharge               Conjuration/Air              3
   f - Lightning Bolt                 Conjuration/Air              5
 T - a Fen Folio

   Spells                             Type                      Level
   a - Corpse Rot                     Necromancy                   2
   b - Stone Arrow                    Conjuration/Earth            3
   c - Leda's Liquefaction            Hexes/Earth                  4
   d - Summon Forest                  Summoning/Translocation      5
   e - Hydra Form                     Transmutation                6
   f - Summon Hydra                   Summoning                    7
Comestibles
 b - a slice of pizza
 c - 12 bread rations
 o - 6 meat rations


   Skills:
 - Level 2.0 Short Blades
 - Level 7.4 Dodging
 - Level 6.0 Stealth
 + Level 10.8 Spellcasting
 - Level 8.8 Conjurations
 - Level 7.3 Fire Magic
 * Level 1.2 Evocations


You had 3 spell levels left.
You knew the following spells:

 Your Spells              Type           Power        Failure   Level  Hunger
a - Flame Tongue          Conj/Fire      #####        1%          1    None
b - Throw Flame           Conj/Fire      ######       1%          2    None
c - Conjure Flame         Conj/Fire      ######..     1%          3    None
d - Inner Flame           Hex/Fire       #####...     1%          3    None
e - Sticky Flame          Conj/Fire      ######..     1%          4    #......
f - Fireball              Conj/Fire      ######....   2%          5    ####...
g - Dazzling Spray        Conj/Hex       ####....     1%          3    None
h - Lightning Bolt        Conj/Air       ####......   8%          5    ####...
r - Repel Missiles        Chrm/Air       ##....       10%         2    None


Dungeon Overview and Level Annotations

Branches:
Dungeon (12/15)            Temple (1/1) D:5
   Lair: D:8-11         Orc: D:9-12

Altars:
Ashenzari
Cheibriados
Dithmenos
Elyvilon
Fedhas
Gozag
Kikubaaqudgha
Makhleb
Qazlal
Sif Muna
Trog
Vehumet
Yredelemnul

Shops:
D:4 (   D:6 }*

Portals:
Trove: D:11 (give 12 potions of heal wounds)

Annotations:
D:4 bees


Innate Abilities, Weirdness & Mutations

You cannot wear most types of armour.
You are amphibious.
You can wear up to eight rings at the same time.
You can use your tentacles to constrict many enemies at once.
Your skin changes colour to match your surroundings (Stealth).
Your rubbery body absorbs attacks (AC +1).


Message History

Something hits you. The vampire mosquito barely misses you.
The vampire mosquito bites you! x2
The vampire mosquito draws strength from your injuries!
The vampire mosquito barely misses you. The wyvern zombie misses you.
The vampire mosquito bites you!
* * * LOW HITPOINT WARNING * * *
Something hits you.
* * * LOW HITPOINT WARNING * * *
You climb upwards.
There is a stone staircase leading down here.
Unknown command.
Unknown command.
Unknown command.
Read which item? (? for menu, Esc to quit)
Blink to where?
Press: ? - help, Dir - move target cursor You are very lightly contaminated with residual magic.
As you read the scroll of blinking, it crumbles to dust.
You start resting.
Something hits you!
You die...

.#........# #ยง#.# ##..##
........### #.#.# #....#
.........####...# #....#
..#.#....[)[....####....#
..#......###.......#....#
.##....### ####.##......#
.....#.# #..###....#
....##.# ##.###....#
....##.# #@.##....#
.......## ##.###..##
#..##...## #..###.#
....##...# ##.# #.#
#.#.##...# #.# #.#
#.#.##.### #.# #.#
..#.##.# #.###.# .##.#..#
#.##..# .##....# #.##.##


There were no monsters in sight!

Vanquished Creatures
  An unseen horror (D:11)
  2 hill giants (D:10)
  A kobold demonologist (D:11)
  A komodo dragon (D:10)
  A troll (D:11)
  10 yaks (D:11)
  A hippogriff (D:7)
  Edmund (D:5)
  A mottled dragon (D:12)
  4 ice beasts
  6 orc warriors
  4 sky beasts
  A black bear (D:8)
  8 ogres
  An eye of draining (D:11)
  6 phantoms
  4 centaurs
  A crocodile (D:9)
  2 big kobolds (D:7)
  6 giant frogs
  A water moccasin skeleton (D:9)
  3 scorpions
  3 wights (D:7)
  7 jellies
  A quasit (D:11)
  6 crimson imps
  A goliath beetle (D:6)
  4 giant frog skeletons
  12 hounds
  8 orc priests
  12 orc wizards
  Crazy Yiuf (D:5)
  3 centaur skeletons
  A gnoll shaman (D:7)
  13 worker ants
  Natasha (thrice) (D:5)
  4 iguanas
  Ijyb (D:4)
  2 mummies (D:11)
  A worker ant zombie (D:11)
  9 adders
  A hound skeleton (D:6)
  2 gnolls (D:7)
  2 worms
  2 adder zombies
  An ooze (D:3)
  A giant gecko (D:3)
  36 orcs
  13 bats
  31 hobgoblins
  7 jackals
  5 quokkas
  2 ball pythons (D:3)
  A giant cockroach (D:4)
  4 giant newts
  3 giant spores
  16 goblins
  A jackal skeleton (D:4)
  26 kobolds
  A quokka skeleton (D:5)
  24 rats
  14 ballistomycetes
  A plant (D:7)
352 creatures vanquished.

Vanquished Creatures (others)
  A kobold (D:6)
  2 ballistomycetes (D:6)
3 creatures vanquished.

Grand Total: 355 creatures vanquished

Notes
Turn   | Place    | Note
--------------------------------------------------------------
     0 | D:1      | BluebellGnoll, the Octopode Fire Elementalist, began the quest for the Orb.
     0 | D:1      | Reached XP level 1. HP: 11/11 MP: 3/3
   455 | D:1      | Reached XP level 2. HP: 12/17 MP: 5/5
   599 | D:1      | Learned a level 2 spell: Throw Flame
  1067 | D:2      | Reached XP level 3. HP: 19/21 MP: 8/8
  1075 | D:2      | Learned a level 3 spell: Conjure Flame
  1660 | D:2      | Reached XP level 4. HP: 27/27 MP: 5/9
  1665 | D:2      | Learned a level 3 spell: Inner Flame
  2050 | D:3      | Found a burning altar of Makhleb.
  2684 | D:3      | Reached skill level 4 in Fire Magic
  2808 | D:3      | Reached XP level 5. HP: 31/31 MP: 1/11
  3776 | D:4      | Noticed a phantom
  3888 | D:4      | Noticed an ogre
  3892 | D:4      | Killed an ogre
  3892 | D:4      | Reached XP level 6. HP: 36/36 MP: 5/13
  4479 | D:4      | Killed a phantom
  4479 | D:4      | Reached XP level 7. HP: 29/41 MP: 4/14
  4929 | D:4      | Noticed a phantom
  4934 | D:4      | Killed a phantom
  4934 | D:4      | Reached skill level 5 in Conjurations
  5198 | D:4      | Noticed Ijyb
  5209 | D:4      | Killed Ijyb
  5556 | D:4      | Found Fuehaf's Antique Weapon Shop.
  5606 | D:4      | Bought a runed rapier for 104 gold pieces
  6003 | D:4      | Noticed a phantom
  6151 | D:4      | Killed a phantom
  6151 | D:4      | Reached XP level 8. HP: 39/46 MP: 6/16
  6217 | D:4      | Learned a level 4 spell: Sticky Flame
  6245 | D:5      | Entered Level 5 of the Dungeon
  6341 | D:5      | Found a blossoming altar of Fedhas.
  6596 | D:5      | Reached skill level 5 in Spellcasting
  6787 | D:5      | Noticed Edmund
  6812 | D:5      | Killed Edmund
  6859 | D:5      | Reached skill level 6 in Spellcasting
  7078 | D:5      | Found a staircase to the Ecumenical Temple.
  7093 | D:5      | Noticed Natasha
  7109 | D:5      | Killed Natasha
  7111 | Temple   | Entered the Ecumenical Temple
  7237 | Temple   | Became a worshipper of Vehumet
  7326 | D:5      | Noticed Natasha
  7326 | D:5      | Killed Natasha
  7450 | D:5      | Noticed Natasha
  7451 | D:5      | Killed Natasha
  7565 | D:5      | Reached XP level 9. HP: 51/51 MP: 11/23
  7755 | D:5      | Noticed Crazy Yiuf
  7761 | D:5      | Killed Crazy Yiuf
  7761 | D:5      | Reached skill level 7 in Spellcasting
  7953 | D:5      | Learned a level 5 spell: Fireball
  8120 | D:6      | Reached skill level 5 in Fire Magic
  8545 | D:6      | Found Jahiamno's Gadget Boutique.
  8792 | D:6      | Found an ancient bone altar of Kikubaaqudgha.
  8828 | D:6      | Found Nezoybu's Needful Niceties.
  8845 | D:6      | Acquired Vehumet's first power
  8845 | D:6      | Offered knowledge of Magic Dart by Vehumet.
  9957 | D:7      | Reached skill level 8 in Conjurations
 10240 | D:7      | Reached XP level 10. HP: 56/56 MP: 11/25
 10453 | D:7      | Offered knowledge of Throw Frost by Vehumet.
 11019 | D:7      | Offered knowledge of Dazzling Spray by Vehumet.
 11399 | D:7      | Got a crude mace
 11647 | D:7      | Acquired Vehumet's second power
 11739 | D:7      | Learned a level 3 spell: Dazzling Spray
 12185 | D:8      | Reached skill level 1 in Short Blades
 12308 | D:8      | You fall through a shaft for 3 floors!
 12395 | D:10     | Entered Level 10 of the Dungeon
 12400 | D:10     | Noticed a hill giant
 12445 | D:10     | Reached skill level 9 in Spellcasting
 12729 | D:10     | Noticed a hill giant
 12733 | D:10     | Killed a hill giant
 12733 | D:10     | Reached skill level 5 in Dodging
 12733 | D:10     | Reached skill level 5 in Stealth
 13202 | D:8      | Got an ichor-stained hunting sling
 13451 | D:9      | Learned a level 2 spell: Repel Missiles
 13584 | D:9      | Offered knowledge of Olgreb's Toxic Radiance by Vehumet.
 13824 | D:9      | Reached XP level 11. HP: 58/61 MP: 28/28
 14272 | D:10     | Killed a hill giant
 15044 | D:11     | Killed an unseen horror
 15044 | D:11     | Reached skill level 10 in Spellcasting
 15424 | D:11     | Learned a level 5 spell: Lightning Bolt
 15448 | D:11     | Acquired Vehumet's third power
 15844 | D:11     | Offered knowledge of Bolt of Draining by Vehumet.
 16405 | D:11     | Found a portal to a secret trove of treasure.
 16673 | D:12     | Reached skill level 1 in Evocations
 16726 | D:12     | HP: 1/61 [something (6)]
 16730 | D:11     | Mangled by an unseen horror

Action                   |  1- 3 |  4- 6 |  7- 9 | 10-12 || total
-------------------------+-------+-------+-------+-------++-------
Melee: Short sword       |     4 |       |       |       ||     4
       Unarmed           |     1 |       |       |       ||     1
       Dagger            |     7 |    30 |     8 |       ||    45
       Rapier            |       |       |    22 |   102 ||   124
Throw: Stone             |     2 |    15 |     6 |     1 ||    24
 Cast: Flame Tongue      |    37 |    70 |   210 |   167 ||   484
       Throw Flame       |     2 |     9 |   120 |    95 ||   226
       Conjure Flame     |       |     1 |    13 |    12 ||    26
       Sticky Flame      |       |       |     7 |     8 ||    15
       Fireball          |       |       |     1 |    30 ||    31
       Repel Missiles    |       |       |       |     1 ||     1
       Lightning Bolt    |       |       |       |     6 ||     6
       Dazzling Spray    |       |       |       |     1 ||     1
 Abil: Evoke Teleportati |       |       |       |     1 ||     1
Evoke: Wand              |       |       |       |     1 ||     1
  Use: Scroll            |     3 |     1 |    10 |     7 ||    21
       Potion            |       |       |     2 |     1 ||     3
 Stab: Sleeping          |     6 |    12 |     5 |    10 ||    33
       Distracted        |       |       |       |     1 ||     1
  Eat: Chunk             |     2 |    19 |    20 |    23 ||    64
